 Dungeon Crawl Stone Soup version 0.31.0-12-g77e489cdc1 (webtiles) character file.

Game seed: 12598217545195641436

168 Gadfly the Ducker (level 5, -3/41 HPs)
             Began as a Demonspawn Monk on Feb 24, 2024.
             Slain by an orc priest
             ... wielding a +0 hand axe
              (5 damage)
             ... on level 3 of the Dungeon.
             The game lasted 00:03:13 (2966 turns).

Gadfly the Ducker (Demonspawn Monk)                 Turns: 2966, Time: 00:03:14

Health: -3/41      AC:  4    Str: 11    XL:     5   Next: 23%
Magic:  0/5        EV: 14    Int: 11    God:
Gold:   196        SH:  0    Dex: 23    Spells: 2/4 levels left

rFire   + .          .
                       - Unarmed
rCold   . . .        c - orb {light}
rNeg    . . .        a - +0 robe
rPois   .            (helmet restricted)
rElec   .            h - +0 cloak
rCorr   .            (no gloves)
SInv    .            (no boots)
Will    .....        f - amulet of guardian spirit
Stlth   +            g - ring of protection from fire
HPRegen 0.26/turn    e - +6 ring of dexterity
MPRegen 0.09/turn

%: guardian spirit
@: glowing
A: antennae 1, sharp scales 1
a: no special abilities


You were on level 3 of the Dungeon.
You visited 1 branch of the dungeon, and saw 3 of its levels.

You collected 196 gold pieces.

Inventory:

Hand Weapons
 i - a +4 quarterstaff of chaos
Armour
 a - a +0 robe (worn)
 c - an orb of light (worn)
 h - a +0 cloak (worn)
Jewellery
 e - a +6 ring of dexterity (right hand)
 f - an amulet of guardian spirit (around neck)
 g - a ring of protection from fire (left hand)
 l - a ring of ice
Scrolls
 j - a scroll of fog
 k - 2 scrolls of blinking {unknown}
Potions
 d - a potion of attraction
 m - a potion of curing {unknown}
 n - a potion of haste {unknown}
 o - a potion of magic {unknown}


   Skills:
 - Level 3.0 Fighting
 + Level 3.2 Dodging
 + Level 3.2 Unarmed Combat
 * Level 2.7 Evocations
 * Level 2.2 Shapeshifting


You had 2 spell levels left.
You knew the following spells:

 Your Spells              Type           Power      Damage    Failure   Level
a - Blink                 Tloc           0%         N/A       47%         2

Your spell library contained the following spells:

 Spells                   Type           Power      Damage    Failure   Level
 Apportation              Tloc           0%         N/A       34%         1
 Necrotise                Necr           0%         1d4       34%         1
 Sting                    Conj/Alch      0%         1d3       34%         1
 Summon Small Mammal      Summ           0%         N/A       34%         1
 Lesser Beckoning         Tloc           0%         N/A       47%         2
 Momentum Strike          Conj/Tloc      0%         3d8       47%         2
 Tukima's Dance           Hex            0%         N/A       71%         3
 Passage of Golubria      Tloc           0%         N/A       98%         4
 Yara's Violent Unravell  Hex/Alch       0%         3d3       100%        5


Dungeon Overview and Level Annotations

Branches:
Dungeon (3/15)

Altars:
Fedhas
Gozag
Kikubaaqudgha


Innate Abilities, Weirdness & Mutations

You have a pair of small antennae on your head.
You are partially covered in razor-sharp scales. (AC +1, Slay +1)


Message History

The orc priest is heavily wounded.
The orc priest hits you with a +0 hand axe.
* * * LOW HITPOINT WARNING * * *
You hit the orc priest but do no damage.
The orc priest is heavily wounded.
The orc priest hits you with a +0 hand axe.
* * * LOW HITPOINT WARNING * * *
You hit the orc priest but do no damage.
The orc priest is heavily wounded.
The orc priest barely misses you.
Unknown command.
You are confused.
You feel invigorated. The orc priest closely misses you.
The orc priest hits you but does no damage.
You hit the orc priest but do no damage.
The orc priest is moderately wounded.
The orc priest hits you with a +0 hand axe.
* * * LOW HITPOINT WARNING * * *
You bump into the rock wall.
The orc priest hits you but does no damage.
You're too confused to move!
You feel less invigorated.
You feel less confused.
The orc priest hits you with a +0 hand axe.
You hit the orc priest.
The orc priest is heavily wounded.
You hit the orc priest.
The orc priest is severely wounded.
The orc priest misses you.
You barely miss the orc priest.
The orc priest is severely wounded.
The orc priest hits you with a +0 hand axe.
You completely miss the orc priest.
The orc priest is severely wounded.
The orc priest invokes the aid of Beogh against you.
Beogh smites you!
* * * LOW HITPOINT WARNING * * *
You barely miss the orc priest.
The orc priest is heavily wounded.
The orc priest hits you with a +0 hand axe.
You die...

..........).>....................
.....#######........######....###
.....# #.######..## ####.###
.....# #.# #####..#######....
.....### #.###.####.........##.
####...### #...#.....########....
###...#####...###.## ##... ###..#
##<)###..# #.## ##.# #.@.###.####
#.#. #.# #o#####.########... ####
#.## #.#####.####....... ...#
#..####.#####.####....... ...#
##...##..####.####....... ...#
###.##.........)........ ...#
#..[)#####.####.......
...###########...####.####.......
[...........o....####.####.>.....


You could see an orc priest.

Vanquished Creatures
  A hound (D:3)
  Crazy Yiuf (D:2)
  An orc wizard (D:2)
  3 adders
  2 dart slugs (D:1)
  2 ribbon worms (D:3)
  3 orcs
  3 ball pythons
  2 bats
  2 endoplasms (D:2)
  A giant cockroach (D:2)
  9 goblins
  4 hobgoblins
  4 jackals (D:2)
  A quokka (D:3)
  3 frilled lizards
  3 kobolds
  2 rats
47 creatures vanquished.

Notes
Turn   | Place    | Note
-------+----------+-------------------------------------------
     0 | D:1      | Gadfly the Demonspawn Monk began the quest for the Orb.
     0 | D:1      | Reached XP level 1. HP: 18/18 MP: 1/1
   245 | D:1      | Gained mutation: You have a pair of small antennae on your
                  | head. [demonic ancestry]
   245 | D:1      | Reached XP level 2. HP: 24/24 MP: 2/2
   373 | D:1      | Reached skill level 1 in Evocations
  1074 | D:2      | Reached skill level 1 in Shapeshifting
  1223 | D:2      | Reached XP level 3. HP: 12/29 MP: 3/3
  1528 | D:2      | Found a runed translucent door.
  1529 | D:2      | Noticed Crazy Yiuf
  1703 | D:2      | Found an opulent altar of Gozag.
  2044 | D:2      | Killed Crazy Yiuf
  2045 | D:2      | Reached XP level 4. HP: 7/35 MP: 0/4
  2434 | D:3      | Learned a level 2 spell: Blink
  2582 | D:3      | Found a blossoming altar of Fedhas.
  2604 | D:3      | Found an ancient bone altar of Kikubaaqudgha.
  2673 | D:3      | Gained mutation: You are partially covered in razor-sharp
                  | scales. (AC +1, Slay +1) [demonic ancestry]
  2673 | D:3      | Reached XP level 5. HP: 35/41 MP: 5/5
  2954 | D:3      | HP: 2/41 [orc priest/+0 hand axe (2)]
  2965 | D:3      | HP: 2/41 [orc priest/divine providence (11)]
  2966 | D:3      | Slain by an orc priest

Illustrated notes

Levels and vault maps discovered:
D:1:      heliophobic_arrival_ceremonial_halls, layout_basic
D:2:      layout_basic, basic_altar, uniq_crazy_yiuf_cottage
D:3:      layout_rooms, nicolae_kikubaaqudgha_miasma_corner,
          fedhas_ov_isle_minmay, reono_crystal_passage

Skill      XL: |  1  2  3  4 |
---------------+-------------+-----
Evocations     | 1 2 |  2.7
Shapeshifting  | 1 2 |  2.2
Dodging        | 3 |  3.2
Unarmed Combat | 3 |  3.2
Fighting       | |  3.0

Action                     |  1- 3 |  4- 6 || total
---------------------------+-------+-------++-------
  Melee: Unarmed           |   116 |   114 ||   230
         Punch             |     1 |       ||     1
    Use: Scroll            |     3 |     3 ||     6
         Potion            |     2 |     1 ||     3
   Stab: Invisible         |     6 |       ||     6
 Armour: Robe              |    66 |    66 ||   132
  Dodge: Dodged            |    77 |    64 ||   141
